 Dungeon Crawl Stone Soup version 0.18.1-48-g4cf74bf (webtiles) character file.

42 RepoMan the Skirmisher (level 3, 0/29 HPs)
             Began as a Demonspawn Wanderer on Aug 5, 2016.
             Slain by a kobold
             ... wielding a cursed -1 dagger
              (2 damage)
             ... on level 1 of the Dungeon.
             The game lasted 00:08:22 (1144 turns).

RepoMan the Skirmisher (Demonspawn Wanderer)        Turns: 1144, Time: 00:08:23

Health: 0/29       AC:  2    Str: 12    XL:     3   Next: 35%
Magic:  3/3        EV: 12    Int: 19    God:
Gold:   43         SH:  0    Dex: 14    Spells: 0 memorised, 2 levels left

rFire  . . .     SeeInvis .     a - +2 falchion
rCold  . . .     Gourm    .     e - +0 robe
rNeg   . . .     Faith    .     (no shield)
rPois  .         Spirit   .     (no helmet)
rElec  .         Dismiss  .     (no cloak)
rCorr  .         Reflect  .     (no gloves)
SustAt .         Harm     .     (no boots)
MR     .....                    (no amulet)
Stlth  ++........               (no ring)
                                (no ring)

@: brilliant, not resistant to hostile enchantments, unstealthy
A: thin skeletal structure 1
a: no special abilities


You were on level 1 of the Dungeon.
You were not hungry.

You visited 1 branch of the dungeon, and saw 1 of its levels.

You collected 43 gold pieces.

Inventory:

Hand Weapons
 a - a +2 falchion (weapon)
 b - a +0 shortbow
 j - a +0 dagger
Missiles
 c - 49 arrows
Armour
 e - a +0 robe (worn)
Jewellery
 m - an uncursed ring of poison resistance {unknown}
Scrolls
 d - 2 scrolls of teleportation
 i - a scroll of identify {unknown}
 k - a scroll of amnesia {unknown}
 n - a scroll of noise {unknown}
Comestibles
 f - a bread ration
 l - a meat ration
 p - 2 chunks of flesh


   Skills:
 + Level 3.4 Fighting
 + Level 1.0(1.6) Short Blades
 + Level 2.1(2.2) Long Blades
 - Level 1.0 Bows
 - Level 1.7 Armour
 + Level 1.4 Dodging
 + Level 0.4 Stealth
   Level 1.7 Shields


You had 2 spell levels left.
You didn't know any spells.

Dungeon Overview and Level Annotations

Branches:
Dungeon (1/15)

Altars:
Okawaru


Innate Abilities, Weirdness & Mutations

You have a somewhat thin skeletal structure (Dex +2, Stealth).


Message History

The kobold is moderately wounded.
The kobold hits you with a dagger.
* * * LOW HITPOINT WARNING * * *
You barely miss the kobold.
The kobold is moderately wounded.
The kobold hits you with a dagger.
* * * LOW HITPOINT WARNING * * *
The kobold hits you but does no damage.
Drink which item? (? for menu, Esc to quit)
It was a potion of cancellation.
You feel magically purged. The kobold hits you with a dagger.
* * * LOW HITPOINT WARNING * * *
You closely miss the kobold.
The kobold is moderately wounded.
The kobold hits you but does no damage.
Drink which item? (? for menu, Esc to quit)
It was a potion of brilliance.
You feel clever all of a sudden. The kobold hits you with a dagger.
You die...

#..# .................#...≈≈≈≈
..# .........#######.#...≈≈≈≈
## .........##### #.#...≈≈≈≈
##8###8#.....# #.###.....
##############.....# #.# #.....
#..................# #.####..##
#........#.######### #.##......
#........#.###########.###.####
#######.##.#gK@....(...###.# #
..........)..#######.......####
#######.##..(# #.#.........
......##...# #.#.########
.........(.# #.#.# #....
....#......##### # #.# #.##.
#.....##.K......( #.# #.##.
....#..........## #.# #.##. ..
.#..#.####### ## #.##.


You could see a hobgoblin and a kobold.

Vanquished Creatures
  2 dart slugs (D:1)
  2 giant geckos (D:1)
  2 bats (D:1)
  7 goblins (D:1)
  5 hobgoblins (D:1)
  3 jackals (D:1)
  7 kobolds (D:1)
  4 rats (D:1)
32 creatures vanquished.

Notes
Turn   | Place    | Note
--------------------------------------------------------------
     0 | D:1      | RepoMan the Demonspawn Wanderer began the quest for the Orb.
     0 | D:1      | RepoMan set off with: a +2 falchion, a +0 shortbow, 23 arrows, a scroll of teleportation, a +0 robe, a bread ration
     0 | D:1      | Reached XP level 1. HP: 18/18 MP: 1/1
   247 | D:1      | Gained mutation: You have a somewhat thin skeletal structure (Dex +2, Stealth). [demonic ancestry]
   247 | D:1      | Reached XP level 2. HP: 20/24 MP: 2/2
   401 | D:1      | Reached skill level 1 in Dodging
   792 | D:1      | Found an iron altar of Okawaru.
   833 | D:1      | Reached XP level 3. HP: 14/29 MP: 3/3
   954 | D:1      | Reached skill level 1 in Short Blades
  1144 | D:1      | Slain by a kobold

Skill      XL: |  1  2  3 |
---------------+----------+-----
Long Blades    | 2 |  2.1
Dodging        | 1 |  1.4
Short Blades   | 1 |  1.0
Fighting       | |  3.4
Bows           | |  1.0
Armour         | |  1.7
Stealth        | |  0.4
Shields        | |  1.7

Action                   || total
-------------------------++-------
Melee: Falchion          ||    72
       Dagger            ||    28
  Use: Potion            ||     3
  Eat: Chunk             ||     1
Armor: Robe              ||    13
Dodge: Dodged            ||    46
